Map: 破晓之战 - 天梯版 (虚空)

Players

Namshar

  • Race: Zerg Zerg
  • Spawn Location: 1:00

iGXY (XY) - Winner!

  • Race: Terran Terran
  • Spawn Location: 7:00

Event: WESG 2016 Finals

VOD

Have the link to the VOD?

Description

Time

  • Played on: Jan. 12, 2017, 6:16 a.m.
  • Length: 12:32

All games in this series

Show
View Real Time Build Order
Export as new Build Order

Namshar Zerg 

Build Orders: Hatch First 

Get SALT Encoding   

  12  0:00  Drone  
  13  0:12  Overlord  
  13  0:17  Drone  
  14  0:31  Drone x2  
  14  0:34  Drone  
  17  0:52  Hatchery  
  17  0:56  Drone  
  17  0:59  Drone  
  18  1:10  Extractor  
  17  1:14  Spawning Pool  
  17  1:17  Drone  
  17  1:20  Drone  
  18  1:28  Drone  
  19  1:38  Overlord  
  19  1:49  Drone  
  20  2:00  Queen  
  23  2:01  Zergling x2  
  23  2:04  Queen  
  23  2:05  Zergling x2  
  26  2:10  Metabolic Boost  
  26  2:11  Drone  
  26  2:15  Drone  
  28  2:21  Drone  
  29  2:26  Overlord  
  29  2:38  Spore Crawler  
  29  2:39  Drone x2  
  29  2:43  Queen  
  33  2:46  Drone  
  34  2:52  Drone  
  34  2:57  Drone  
  36  3:01  Overlord  
  36  3:04  Drone  
  37  3:13  Drone x4  
  41  3:21  Drone x2  
  41  3:22  Drone x2  
  41  3:23  Drone  
  46  3:31  Hatchery  
  45  3:37  Roach Warren  
  44  3:43  Drone  
  44  3:46  Queen  
  47  3:53  Extractor  
  47  3:55  Evolution Chamber  
  45  3:58  Queen  
  47  4:03  Zergling x4  
  47  4:07  Drone  
  52  4:12  Overlord x2  
  52  4:20  Roach  
  52  4:24  Hatchery  
  49  4:31  Zerg Ground Armor Level 1, Drone x2  
  50  4:32  Drone  
  50  4:35  Lair  
  50  4:38  Roach x4  
  59  4:56  Drone  
  59  4:58  Extractor  
  60  5:00  Drone x3  
  60  5:02  Overlord  
  60  5:05  Drone, Spore Crawler  
  60  5:06  Spore Crawler  
  62  5:07  Drone x2  
  62  5:12  Overlord x2  
  62  5:14  Roach x2  
  67  5:15  Ravager  
  67  5:16  Overlord  
  68  5:25  Overlord  
  68  5:30  Ravager  
  68  5:32  Roach  
  68  5:34  Glial Reconstitution  
  71  5:37  Roach  
  71  5:39  Overlord x2  
  71  5:41  Roach  
  75  5:43  Roach  
  76  5:52  Roach  
  76  5:53  Roach x2  
  72  6:05  Roach  
  72  6:06  Roach x3  
  76  6:15  Roach x3  
  76  6:23  Roach x2  
  67  6:35  Roach x4  
  67  6:39  Queen  
  73  6:43  Roach x3  
  81  6:51  Drone x5  
  86  6:55  Zerg Missile Weapons Level 1  
  86  7:00  Roach  
  86  7:01  Roach  
  90  7:04  Roach  
  90  7:08  Overlord x2  
  92  7:11  Roach  
  92  7:13  Roach x2  
  92  7:14  Overlord  
  98  7:20  Roach x2  
  102  7:27  Roach  
  102  7:28  Roach  
  106  7:36  Overlord  
  106  7:39  Extractor  
  106  7:41  Drone x2  
  106  7:42  Drone x2  
  109  7:50  Drone x4  
  109  7:51  Drone, Extractor x2  
  113  7:54  Infestation Pit  
  113  7:55  Drone  
  113  7:56  Drone x5  
  113  7:57  Drone  
  118  8:08  Ravager x2  
  118  8:09  Ravager, Overlord x3  
  118  8:12  Hatchery  
  120  8:14  Roach  
  122  8:23  Roach x2  
  122  8:24  Roach x3  
  128  8:38  Ravager x2  
  128  8:40  Hive, Overlord  
  130  8:41  Drone  
  130  8:42  Drone x6  
  130  8:48  Drone x3  
  140  8:52  Drone  
  140  8:53  Zerg Missile Weapons Level 2, Evolution Chamber  
  140  9:01  Drone x2  
  140  9:02  Drone x4, Extractor  
  143  9:06  Extractor  
  143  9:08  Ravager x2  
  144  9:11  Overlord, Overseer  
  144  9:37  Drone x4  
  148  9:40  Zerg Ground Armor Level 2, Spore Crawler  
  148  9:42  Drone  
  138  9:45  Hatchery  
  138  9:46  Roach  
  138  9:47  Roach x5  
  138  9:49  Hatchery  
  138  9:50  Roach x2  
  152  9:54  Viper  
  152  9:55  Viper  
  152  9:58  Viper  
  161  10:02  Ravager  
  162  10:09  Roach x2  
  162  10:10  Roach x5  
  172  10:18  Ravager x2  
  172  10:21  Roach x4  
  166  10:36  Roach x10  
  177  10:54  Extractor  
  177  10:55  Drone  
  169  10:57  Roach x7  
  169  11:01  Pneumatized Carapace  
  156  11:21  Roach x8  
  156  11:23  Ravager  
  156  11:24  Ravager  
  174  11:30  Roach x6  
  136  11:50  Roach  
  136  11:51  Roach x7  
  126  11:55  Roach  
  126  12:00  Roach  
  129  12:01  Roach  
  129  12:09  Roach x3  
Show
View Real Time Build Order
Export as new Build Order

iGXY Terran - Winner!

Build Orders: Hellion Opening, Reaper Expand, Mech 

Get SALT Encoding   

  12  0:00  SCV  
  13  0:12  SCV  
  14  0:17  Supply Depot  
  14  0:25  SCV  
  15  0:29  Refinery  
  15  0:39  SCV  
  16  0:45  Barracks  
  16  0:51  SCV  
  17  1:03  SCV  
  18  1:15  SCV  
  19  1:31  Reaper  
  19  1:32  Orbital Command  
  20  1:44  Command Center  
  20  1:54  Factory  
  20  1:58  SCV  
  21  2:06  Barracks Reactor  
  21  2:09  Supply Depot  
  21  2:11  SCV  
  22  2:17  Refinery  
  22  2:23  SCV  
  23  2:35  SCV  
  24  2:46  Armory  
  24  2:47  SCV  
  24  2:49  Hellion x2  
  24  2:50  Marine  
  30  2:57  Orbital Command  
  30  3:00  SCV  
  31  3:10  Hellion  
  31  3:11  Hellion  
  35  3:21  SCV  
  35  3:24  SCV  
  35  3:26  Barracks Reactor  
  37  3:29  Factory  
  37  3:35  Hellion x2  
  37  3:38  SCV  
  37  3:40  SCV  
  43  3:44  Supply Depot  
  43  3:47  Hellion x4  
  43  3:49  Terran Vehicle Weapons Level 1  
  43  3:55  SCV x2  
  45  4:04  Supply Depot  
  45  4:07  SCV  
  46  4:10  SCV  
  46  4:11  Cyclone  
  50  4:19  SCV, Cyclone  
  54  4:25  SCV  
  54  4:26  Supply Depot  
  54  4:29  Supply Depot  
  55  4:32  SCV  
  55  4:33  Hellion  
  55  4:34  Hellion x3, Cyclone  
  55  4:37  SCV  
  60  4:48  Cyclone  
  60  4:49  SCV  
  64  4:56  SCV  
  64  4:59  Refinery  
  65  5:00  Refinery, Command Center  
  65  5:01  SCV  
  66  5:07  Cyclone  
  66  5:08  Supply Depot  
  66  5:09  SCV  
  70  5:15  Hellion, SCV  
  73  5:21  SCV  
  73  5:22  Cyclone  
  73  5:28  SCV  
  78  5:29  Supply Depot  
  78  5:33  SCV  
  79  5:37  Cyclone  
  79  5:38  Hellion  
  79  5:40  SCV  
  85  5:50  Cyclone  
  85  5:54  Cyclone  
  87  5:57  Refinery, SCV  
  87  5:59  Refinery  
  87  6:01  Cyclone  
  84  6:05  SCV  
  84  6:10  Hellion  
  80  6:23  Hellion  
  80  6:27  Terran Vehicle Weapons Level 2, Cyclone  
  80  6:28  SCV, Orbital Command  
  80  6:30  SCV  
  80  6:31  Hellion  
  84  6:33  Hellion  
  77  6:41  SCV  
  77  6:43  SCV  
  77  6:44  Cyclone  
  81  6:52  Hellion  
  81  6:53  SCV, Supply Depot, Armory  
  84  6:54  Cyclone  
  84  6:55  SCV  
  84  6:59  Hellion  
  90  7:01  SCV  
  90  7:05  SCV, Factory  
  90  7:06  Barracks Tech Lab  
  90  7:07  SCV  
  93  7:12  Factory  
  93  7:14  SCV  
  94  7:17  SCV  
  94  7:19  SCV  
  94  7:22  Supply Depot  
  96  7:26  SCV  
  96  7:29  SCV, Cyclone  
  102  7:30  Cyclone  
  102  7:31  SCV  
  102  7:36  Factory, Cyclone  
  106  7:38  SCV  
  106  7:41  SCV, Cyclone  
  111  7:48  SCV  
  110  7:57  Factory Tech Lab, Siege Tank  
  113  7:59  Supply Depot  
  113  8:02  Cyclone x2  
  119  8:08  SCV, Cyclone  
  123  8:17  Supply Depot  
  123  8:18  Supply Depot  
  123  8:20  Siege Tank  
  123  8:22  Supply Depot  
  123  8:24  Factory Tech Lab  
  126  8:27  Supply Depot  
  126  8:29  Siege Tank  
  126  8:32  SCV x2  
  128  8:39  SCV  
  129  8:45  SCV  
  129  8:47  Command Center  
  131  8:49  Hellion  
  131  8:50  Hellion x2  
  131  8:53  SCV, Siege Tank  
  131  8:55  SCV  
  141  9:01  Hellion, Siege Tank  
  143  9:05  Terran Vehicle Weapons Level 3, Terran Vehicle And Ship Armor Level 1  
  143  9:14  Siege Tank  
  146  9:26  Command Center  
  146  9:27  Siege Tank  
  149  9:33  Siege Tank  
  149  9:36  Hellion x3  
  155  9:46  Siege Tank  
  158  9:55  Cyclone  
  158  9:57  Cyclone  
  164  10:00  Command Center  
  164  10:01  Siege Tank  
  164  10:02  Hellion  
  163  10:09  Siege Tank  
  162  10:19  Siege Tank  
  158  10:24  Cyclone x2  
  158  10:25  SCV x2  
  163  10:36  Siege Tank  
  163  10:37  Hellion x2  
  163  10:41  Siege Tank  
  165  10:51  Hellion  
  165  10:56  Hellion, Cyclone  
  169  10:58  Cyclone x2  
  170  11:08  Widow Mine  
  161  11:11  Refinery  
  161  11:12  Refinery, Hellion  
  161  11:13  Hellion  
  161  11:17  Cyclone  
  162  11:28  Cyclone  
  162  11:31  Hellion x2  
  166  11:33  Siege Tank  
  166  11:35  Hellion, SCV  
  166  11:36  SCV  
  166  11:37  Hellion, Engineering Bay  
  160  11:50  Cyclone  
  160  11:52  Cyclone x2  
  156  11:56  Hellion  
  156  11:58  Orbital Command  
  156  11:59  Hellion  
  156  12:00  Hellion  
  162  12:06  Hellion  
Tags
 
Add a new tag
Caveats
  • Supply blocks, unpowered buildings, or Contaminate may cause inaccurate times.
  • Supply counts are checked every 10 seconds.